 Dungeon Crawl Stone Soup version 0.27-a0-1189-gb8eb6cee8e (webtiles) character file.

Game seed: 16549353886362456641

58 shoop the Sneak (level 3, 0/29 HPs)
             Began as a Demonspawn Delver on May 22, 2021.
             Slain by a howler monkey (5 damage)
             ... on level 6 of the Dungeon.
             The game lasted 00:02:04 (977 turns).

shoop the Sneak (Demonspawn Delver)                  Turns: 977, Time: 00:02:05

Health: 0/29       AC:  5    Str: 12    XL:     3   Next: 76%
Magic:  3/3        EV: 12    Int: 12    God:
Gold:   12         SH:  0    Dex: 14    Spells: 2/2 levels left

rFire    . . .     SeeInvis .   a - +0 falchion
rCold    . . .     Faith    .   (no shield)
rNeg     . . .     Spirit   .   b - +0 leather armour
rPois    .         Reflect  .   (no helmet)
rElec    .         Harm     .   (no cloak)
rCorr    .         Rampage  .   (no gloves)
Will     .....                  (no boots)
Stlth    +++.......             (no amulet)
HPRegen  0.09/turn              (no ring)
MPRegen  0.08/turn              (no ring)

@: no status effects
A: icy blue scales 1, demonic magic 1
a: no special abilities


You were on level 6 of the Dungeon.
You visited 1 branch of the dungeon, and saw 2 of its levels.

You collected 12 gold pieces.

Inventory:

Hand Weapons
 a - a +0 falchion (weapon)
Armour
 b - a +0 leather armour (worn)
 h - a +0 cloak
Wands
 g - a wand of digging (3)
Scrolls
 c - a scroll of fog
 d - a scroll of magic mapping
Potions
 f - a potion of haste


   Skills:
 + Level 3.2 Fighting
 + Level 2.0 Long Blades
 + Level 1.1 Armour
 + Level 2.0 Dodging
 + Level 5.2 Stealth


You had 2 spell levels left.
You didn't know any spells.
Your spell library was empty.

Dungeon Overview and Level Annotations

Branches:
Dungeon (6/15)
 Temple: D:4-7

Altars:

Annotations:
D:5 exclusion: skeleton
D:6 exclusion: 2 kobolds


Innate Abilities, Weirdness & Mutations

You are partially covered in icy blue scales. (AC +2)
Spells you cast may paralyse adjacent enemies.


Message History

A howler monkey comes into view.
The howler monkey howls!
The howler monkey hoots and howls with incredible vigour!
You hear a shout! x6
The kobold brigand throws a poisoned dart.
The poisoned dart hits you!
You are poisoned.
You feel sick.
The kobold brigand throws a poisoned dart.
The poisoned dart closely misses you.
The howler monkey hits you but does no damage.
You feel sick.
The howler monkey completely misses you.
You riposte.
You barely miss the howler monkey.
You feel sick.
An orc comes into view. It is wielding a +0 whip.
You feel sick.
An orc warrior comes into view. It is wielding a +0 glaive.
You feel sick.
An orc priest comes into view. It is wielding a +0 short sword.
You feel sick.
The orc priest calls down the wrath of Beogh upon you.
Beogh smites you!
* * * LOW HITPOINT WARNING * * *
The howler monkey hits you.
* * * LOW HITPOINT WARNING * * *
As you read the scroll of fear, it crumbles to dust.
You assume a fearsome visage.
The orc warrior looks frightened!
The orc priest looks frightened!
The orc looks frightened!
The howler monkey looks frightened!
You feel sick.
You are no longer poisoned.
An orc wizard comes into view. It is wielding a +0 dagger.
Cornered, the howler monkey turns to fight!
Cornered, the orc turns to fight!
The howler monkey closely misses you.
You hit the howler monkey.
The howler monkey is moderately wounded.
The howler monkey hits you but does no damage.
The howler monkey hits you.
You die...

#o# ### #.#
#######.. #.#
......... #.#
......... #o##.#
.#####.. #.##.#
#...... #o##.#
#.##### #o##.# #+#
#.# #@##.# #.# #.#
#h##.# #.# #.#
#K##.###.###.#####
#K..>...s.........
####.###.###K.[...
#.# #.# #......
#.# #(# #......
#.. ..# #...K..
### ### #.K....


You could see a kobold brigand, a howler monkey, an orc priest, an orc wizard,
an orc and a kobold.

Vanquished Creatures
  A bullfrog zombie (D:6)
  A hound (D:6)
2 creatures vanquished.

Notes
Turn   | Place    | Note
-------+----------+-------------------------------------------
     0 | D:5      | shoop the Demonspawn Delver began the quest for the Orb.
     0 | D:5      | Reached XP level 1. HP: 18/18 MP: 1/1
   367 | D:6      | Noticed a hound
   377 | D:6      | Noticed a scorpion
   401 | D:6      | Killed a hound
   402 | D:6      | Reached skill level 5 in Stealth
   402 | D:6      | Gained mutation: Spells you cast may paralyse adjacent
                  | enemies. [demonic ancestry]
   402 | D:6      | Reached XP level 2. HP: 7/24 MP: 2/2
   402 | D:6      | Gained mutation: You are partially covered in icy blue
                  | scales. (AC +2) [demonic ancestry]
   402 | D:6      | Reached XP level 3. HP: 8/29 MP: 3/3
   727 | D:6      | Noticed a kobold brigand
   758 | D:6      | Reached skill level 1 in Armour
   952 | D:6      | Noticed a kobold brigand
   968 | D:6      | Noticed an orc warrior
   977 | D:6      | Slain by a howler monkey

Illustrated notes

Levels and vault maps discovered:
D:5:      layout_basic, minmay_joined_circles, uniq_grinder, uniq_prince_ribbit1
D:6:      layout_basic

Skill      XL: |  1  2  3 |
---------------+----------+-----
Stealth        | 5 |  5.2
Long Blades    | 2 |  2.0
Armour         | 1 |  1.1
Dodging        | 2 |  2.0
Fighting       | |  3.2

Action                   || total
-------------------------++-------
Melee: Falchion          ||    26
  Use: Scroll            ||     1
 Stab: Distracted        ||     1
Armor: Leather armour    ||    10
Dodge: Dodged            ||    17
       Rpst.: Falchion   ||    10

Table legend: (Time is in decaauts)
 A = Elapsed time spent in this place.
 B = Non-inter-level travel time spent in this place.
 C = Inter-level travel time spent in this place.
 D = Time resting spent in this place.
 E = Time spent auto-exploring this place.
 F = Levels seen in this place.
 G = Mean time per level.
                   A        B        C        D        E       F      G
               +--------+--------+--------+--------+--------+-----+--------+
         Total |    981 |    981 |      0 |    665 |    161 |   2 |  490.5 |
       Dungeon |    981 |    981 |      0 |    665 |    161 |   2 |  490.5 |
               +--------+--------+--------+--------+--------+-----+--------+

Top non-repeatable levels by time:
     D:6: 931 daAuts
     D:5: 50 daAuts
